 Dungeon Crawl Stone Soup version 0.23.2-1-ga50397a (webtiles) character file.

Game seed: 12140049399945394527

36 Leeroy the Conjurer (level 3, 0/26 HPs)
             Began as a Draconian Conjurer on Apr 15, 2019.
             Succumbed to an adder's poison
             ... on level 2 of the Dungeon.
             The game lasted 00:04:34 (1160 turns).

Leeroy the Conjurer (Draconian Conjurer)            Turns: 1160, Time: 00:04:35

Health: 0/26       AC:  6    Str: 15    XL:     3   Next: 19%
Magic:  2/6        EV: 12    Int: 21    God:
Gold:   64         SH:  0    Dex: 11    Spells: 0/6 levels left

rFire    . . .     SeeInvis .   p - +0 dagger (drain)
rCold    . . .     Gourm    .   (no shield)
rNeg     . . .     Faith    .   (armour unavailable)
rPois    .         Spirit   .   (helmet restricted)
rElec    .         Reflect  .   u - +0 cloak
rCorr    .         Harm     .   (no gloves)
MR       .....                  (no boots)
Stlth    ++........             (no amulet)
HPRegen  0.08/turn              (no ring)
MPRegen  0.10/turn              (no ring)

@: mighty, brilliant, lethally poisoned (0 -> -12)
A: unfitting armour, cold-blooded, AC +5
a: no special abilities


You were on level 2 of the Dungeon.
You were hungry.

You visited 1 branch of the dungeon, and saw 2 of its levels.

You collected 64 gold pieces.

Inventory:

Hand Weapons
 c - a cursed -2 morningstar
 i - a +0 dagger
 p - a +0 dagger of draining (weapon)
 r - a +0 hunting sling
 v - a +0 short sword
Missiles
 a - 2 curare-tipped needles
 g - 70 stones (quivered)
 j - 10 bolts
 s - 53 arrows
 t - 33 poisoned needles
 x - a throwing net
Armour
 f - a +0 shield
 l - a +0 large shield
 u - a +0 cloak (worn)
Jewellery
 q - an uncursed ring of protection from magic {unknown}
 z - an uncursed amulet of the gourmand {unknown}
Scrolls
 d - 2 scrolls of remove curse
 e - a scroll of blinking
 k - 2 scrolls of identify {unknown}
 m - a scroll of teleportation {unknown}
 y - a scroll of fear {unknown}
Potions
 h - a potion of might
 n - a potion of mutation {unknown}
 o - a potion of heal wounds {unknown}
 w - a potion of curing {unknown}
 A - a potion of brilliance
 B - a potion of cancellation {unknown}
Comestibles
 b - 2 rations


   Skills:
 - Level 1.7 Dodging
 - Level 1.7 Stealth
 - Level 2.0 Spellcasting
 + Level 5.1 Conjurations


You couldn't memorise any spells.
You knew the following spells:

 Your Spells              Type           Power        Failure   Level  Hunger
a - Magic Dart            Conj           ####         1%          1    #......
b - Searing Ray           Conj           #####.       1%          2    ##.....
c - Dazzling Spray        Conj/Hex       ####..       1%          3    ###....

Your spell library contained the following spells:

 Spells                   Type           Power        Failure   Level  Hunger
 Iskenderun's Mystic Bla  Conj           #####...     2%          4    #####..
 Force Lance              Conj/Tloc      ####....     6%          4    #####..
 Fulminant Prism          Conj/Hex       ####......   6%          4    #####..


Dungeon Overview and Level Annotations

Branches:
Dungeon (2/15)

Altars:


Innate Abilities, Weirdness & Mutations

Your plain brown scales are hard. (AC +5)
You cannot fit into any form of body armour.
You are cold-blooded and may be slowed by cold attacks.


Message History

You barely miss the adder.
The adder is almost dead.
You feel sick.
The adder bites you but does no damage. x2
You closely miss the adder.
The adder is almost dead.
* * * LOW HITPOINT WARNING * * *
You feel sick. The adder closely misses you.
It was a potion of might.
You feel very mighty all of a sudden.
* * * LOW HITPOINT WARNING * * *
You feel sick. The adder closely misses you.
You barely miss the adder.
The adder is almost dead.
* * * LOW HITPOINT WARNING * * *
You feel sick. The adder bites you.
* * * LOW HITPOINT WARNING * * *
The adder closely misses you.
It was a potion of brilliance.
You feel clever all of a sudden.
You die...

..,,,,,*#######..####.##**,*
..,,,,,* #..........†.#**,*****
..,,,,,* #..............,,,,,,*
..,,,,,* #.............#*,***,*
..,,,,** #.............#*,* *,*
,,,,,,****#.............#*,* *,*
,,,,,,,,,*#.............#*,* *,*
,,,,,,,,,*#.....[.......#*,* *,*
,,,,,,,,,*#.....@.......#*,* *,*
,,...>###*#.....S.......**,* *,*
,,.......##.............,*,***,**
,,##....................**,,,,,,*
,,+†..................#.*********
,,*#.................##,*
,,*#.................#*,*
,.##......÷..........#*,*
,..................,,**,*


You could see an adder.

Vanquished Creatures
  A dart slug (D:2)
  3 leopard geckos
  A giant cockroach (D:1)
  4 goblins
  2 hobgoblins
  A jackal (D:2)
  4 kobolds
  6 bats
  3 frilled lizards
  5 rats (D:2)
30 creatures vanquished.

Notes
Turn   | Place    | Note
-------+----------+-------------------------------------------
     0 | D:1      | Leeroy the Draconian Conjurer began the quest for the Orb.
     0 | D:1      | Reached XP level 1. HP: 14/14 MP: 3/3
   176 | D:1      | Reached XP level 2. HP: 5/20 MP: 1/5
   244 | D:1      | Learned a level 2 spell: Searing Ray
   791 | D:2      | Reached skill level 5 in Conjurations
   861 | D:2      | Reached XP level 3. HP: 25/26 MP: 3/6
   866 | D:2      | Learned a level 3 spell: Dazzling Spray
  1159 | D:2      | HP: 1/26 [adder (3)]
  1160 | D:2      | Succumbed to an adder's poison

Skill      XL: |  1  2 |
---------------+-------+-----
Conjurations   | 5 |  5.1
Dodging        | |  1.7
Stealth        | |  1.7
Spellcasting   | |  2.0

Action                   || total
-------------------------++-------
Melee: Unarmed           ||    25
       Dagger            ||    72
       Tailslap          ||    10
 Cast: Magic Dart        ||    28
       Searing Ray       ||     2
  Use: Scroll            ||     3
       Potion            ||     2
 Stab: Sleeping          ||     2
  Eat: Chunk             ||     1
Armor: Skin              ||    35
Dodge: Dodged            ||    55
